 Dungeon Crawl Stone Soup version 0.22-a0-580-gd5db89c (webtiles) character file.

32 iamserjio the Chopper (level 3, -4/26 HPs)
             Began as a Halfling Berserker on July 3, 2018.
             Was a Follower of Trog.
             Slain by an orc
             ... wielding a +0 flail
              (6 damage)
             ... on level 3 of the Dungeon.
             The game lasted 00:02:07 (250 turns).

iamserjio the Chopper (Halfling Berserker)           Turns: 250, Time: 00:02:07

Health: -4/26      AC:  3    Str: 19    XL:     3   Next: 42%
Magic:  3/3        EV: 15    Int:  5    God:    Trog [*.....]
Gold:   36         SH:  0    Dex: 13    Spells: 2/2 levels left

rFire    . . .     SeeInvis .   a - +0 hand axe
rCold    . . .     Gourm    .   (shield restricted)
rNeg     . . .     Faith    .   d - +0 leather armour
rPois    .         Spirit   .   (no helmet)
rElec    .         Reflect  .   (no cloak)
rCorr    .         Harm     .   (no gloves)
MR       .....                  (no boots)
Stlth    +.........             (no amulet)
HPRegen  0.08/turn              (no ring)
MPRegen  0.08/turn              (no ring)

@: berserk cooldown, slowed, very slow
A: small, mutation resistance 1
a: Berserk, Renounce Religion


You were on level 3 of the Dungeon.
You worshipped Trog.
Trog was aware of your devotion.
You were not hungry.

You visited 1 branch of the dungeon, and saw 3 of its levels.

You collected 36 gold pieces.

Inventory:

Hand Weapons
 a - a +0 hand axe (weapon)
Armour
 b - a +0 animal skin
 d - a +0 leather armour (worn)
Scrolls
 e - a scroll of immolation {unknown}
 f - a scroll of amnesia {unknown}
 i - a scroll of identify {unknown}
Potions
 g - 2 potions of heal wounds {unknown}
 h - a potion of might {unknown}
 k - a potion of agility {unknown}
Comestibles
 c - 2 rations
 j - 6 chunks of flesh


   Skills:
 + Level 3.0 Fighting
 + Level 3.3 Axes
 + Level 2.7 Armour
 + Level 2.7 Dodging


You had 2 spell levels left.
You didn't know any spells.
Your spell library was empty.

Dungeon Overview and Level Annotations

Branches:
Dungeon (3/15)

Altars:
Makhleb


Innate Abilities, Weirdness & Mutations

You are small and have problems with some larger weapons.
You are somewhat resistant to further mutation.


Message History

You hit the worm but do no damage. The worm misses you.
You barely miss the worm. The worm barely misses you.
The giant cockroach waves its antennae.
You hit the worm.
The worm is moderately wounded.
You barely miss the orc. The worm barely misses you.
The orc closely misses you.
You hit the worm.
The worm is heavily wounded.
You hit the orc but do no damage. The orc barely misses you.
The worm bites you.
* * * LOW HITPOINT WARNING * * *
You barely miss the worm.
The worm is moderately wounded.
You barely miss the orc. You closely miss the giant cockroach.
The orc misses you. The giant cockroach misses you. The worm barely misses you.
The giant cockroach bites you.
* * * LOW HITPOINT WARNING * * *
The orc hits you with a flail.
You die...

.... #.#.##
##### . ....
...... #.##..###
....##
........##....<#
####...<........
...............#
........s#....##
###...#@#....##
#....ow.#..#
##..#.#....#
....#.####.#
#### #.# .. #..
... ###


You could see a worm, an orc and a giant cockroach.

Vanquished Creatures
  An adder (D:2)
  3 dart slugs
  2 bats (D:1)
  3 goblins
  2 hobgoblins (D:2)
  4 kobolds (D:1)
15 creatures vanquished.

Notes
Turn   | Place    | Note
-------+----------+-------------------------------------------
     0 | D:1      | iamserjio the Halfling Berserker began the quest for the Orb.
     0 | D:1      | Reached XP level 1. HP: 15/15 MP: 1/1
    35 | D:1      | Reached XP level 2. HP: 7/20 MP: 2/2
   133 | D:2      | Found a burning altar of Makhleb.
   142 | D:2      | Reached XP level 3. HP: 8/25 MP: 3/3
   250 | D:3      | Slain by an orc

Vault maps used:
D:1:      scummos_arrival_simple_crosswalls, serial_corexii_hall,
          corexii_hall_statues_s, corexii_hall_statues_s,
          corexii_hall_statues_i, glass_columns_a
D:2:      nicolae_ru_great_annihilating_truth, bloody_trog, lemuel_doored_altar,
          first_ration
D:3:      overflow_temple_1_default, nicolae_overflow_hidden_temple

Skill      XL: |  1  2  3 |
---------------+----------+-----
Fighting       | 3 |  3.0
Axes           | |  3.3
Armour         | |  2.7
Dodging        | |  2.7

Action                   || total
-------------------------++-------
Melee: Hand axe          ||    52
Invok: Berserk           ||     1
 Stab: Sleeping          ||     1
Armor: Animal skin       ||     5
       Leather armour    ||     1
Dodge: Dodged            ||    55

Table legend:
 A = Spawn XP
 B = Non-spawn XP
 C = Spawn XP percentage of total XP
 D = Spawn monster count
 E = Non-spawn monster count
 F = Spawn count percentage of total count
 G = Total turns spent on level
                    A         B        C        D         E        F      G
               +---------+---------+-------+---------+---------+-------+---------
         Total |       0 |      46 |   0.0 |       0 |      15 |   0.0 |   250
               +---------+---------+-------+---------+---------+-------+---------
           D:1 |       0 |      19 |   0.0 |       0 |       9 |   0.0 |    95
           D:2 |       0 |      27 |   0.0 |       0 |       6 |   0.0 |   147
               +---------+---------+-------+---------+---------+-------+---------
